 Dungeon Crawl Stone Soup version 0.30.1-11-g7821555f0a (webtiles) character file.

Game seed: 11693374360200275099

112 Gumption the Poker (level 4, 0/41 HPs)
             Began as a Hill Orc Monk on Nov 10, 2023.
             Slain by a gnoll
             ... wielding a +1 antimagic whip
              (5 damage)
             ... on level 2 of the Dungeon.
             The game lasted 00:16:59 (2658 turns).

Gumption the Poker (Hill Orc Monk)                  Turns: 2658, Time: 00:17:00

Health: 0/41       AC: 12    Str: 15    XL:     4   Next: 95%
Magic:  2/4        EV:  4    Int: 10    God:
Gold:   111        SH:  0    Dex: 13    Spells: 3/3 levels left

rFire   . . .        a - +0 spear
rCold   . . .        d - orb {light}
rNeg    . . .        l - +0 plate armour
rPois   .            q - +0 helmet
rElec   .            (no cloak)
rCorr   .            (no gloves)
SInv    .            (no boots)
Will    .....        (no amulet) Stlth
                     (no ring)
HPRegen 0.26/turn    (no ring)
MPRegen 0.09/turn

%: no passive effects
@: glowing
A: no striking features
a: no special abilities


You were on level 2 of the Dungeon.
You visited 1 branch of the dungeon, and saw 3 of its levels.

You collected 111 gold pieces.

Inventory:

Hand Weapons
 a - a +0 spear (weapon)
Missiles
 g - 14 poisoned darts (quivered)
 j - 6 javelins
Armour
 d - an orb of light (worn)
 l - a +0 plate armour (worn)
 q - a +0 helmet (worn)
Scrolls
 b - a scroll of blinking {unknown}
 i - a scroll of enchant armour {unknown}
 k - a scroll of amnesia {unknown}
 n - a scroll of fear {unknown}
 o - a scroll of summoning {unknown}
 p - a scroll of vulnerability {unknown}
 r - a scroll of identify {unknown}
 s - a scroll of teleportation {unknown}
Potions
 c - a potion of ambrosia
 e - 2 potions of mutation {unknown}
 f - 2 potions of curing {unknown}
 h - a potion of haste {unknown}
 m - a potion of heal wounds {unknown}


   Skills:
 + Level 4.5 Fighting
 * Level 4.8 Polearms
 + Level 2.2 Armour
 - Level 2.4 Dodging


You had 3 spell levels left.
You didn't know any spells.
Your spell library contained the following spells:

 Spells                   Type           Power      Damage    Failure   Level
 Simulacrum               Ice/Necr       0%         N/A       100%        6
 Ozocubu's Refrigeration  Ice            0%         4d7       100%        7
 Polar Vortex             Ice            0%         N/A       100%        9


Dungeon Overview and Level Annotations

Branches:
Dungeon (3/15)

Altars:

Shops:
D:1 [   D:2 ?


Message History

There is an open door here.
The gnoll attacks as you move away! The gnoll barely misses you.
The gnoll attacks as you move away! The gnoll hits you but does no damage.
There is an open door here.
The gnoll attacks as you move away! The gnoll hits you but does no damage.
The gnoll attacks as you move away!
The gnoll hits you with a +1 antimagic whip.
* * * LOW HITPOINT WARNING * * *
The gnoll attacks as you move away! The gnoll hits you but does no damage.
The gnoll attacks as you move away!
The gnoll hits you with a +1 antimagic whip.
* * * LOW HITPOINT WARNING * * *
You feel your power leaking away.
Sorry, you're not good enough to have a special ability.
Okay, then.
Okay, then.
The gnoll attacks as you move away! The gnoll hits you but does no damage.
The gnoll attacks as you move away! The gnoll barely misses you.
The gnoll attacks as you move away! The gnoll hits you but does no damage.
The gnoll attacks as you move away!
The gnoll hits you with a +1 antimagic whip.
* * * LOW HITPOINT WARNING * * *
You see here a +0 scale mail.
There is a stone staircase leading up here.
The gnoll hits you with a +1 antimagic whip.
* * * LOW HITPOINT WARNING * * *
You climb upwards.
There is a stone staircase leading down here.
The gnoll attacks as you move away! The gnoll barely misses you.
The gnoll attacks as you move away! The gnoll barely misses you.
The gnoll attacks as you move away!
The gnoll hits you with a +1 antimagic whip.
* * * LOW HITPOINT WARNING * * *
You hit the gnoll.
The gnoll is moderately wounded.
The gnoll hits you but does no damage.
You hit the gnoll.
The gnoll is severely wounded.
The gnoll hits you with a +1 antimagic whip.
You die...

#.# #.#.# ####..#######.#
#.# #.#.# #........†....#
#.####.#.#####..############
#..............##
######.#..####.# #.#.......#
#.#.>###..# #.##.#<...#
#.##.#.#@## #.##.###g#
#.##.....# #.######## #.#
#.# #.# #.#
#.#####################


You could see a gnoll.

Vanquished Creatures
  6 gnolls
  2 worms (D:2)
  2 dart slugs
  3 endoplasms
  4 giant cockroaches
  3 goblins
  4 hobgoblins
  2 quokkas
  4 ball pythons
  8 bats
  2 frilled lizards (D:2)
  4 kobolds
  5 rats
49 creatures vanquished.

Notes
Turn   | Place    | Note
-------+----------+-------------------------------------------
     0 | D:1      | Gumption the Hill Orc Monk began the quest for the Orb.
     0 | D:1      | Reached XP level 1. HP: 19/19 MP: 1/1
   154 | D:1      | Found Sohecsu's Antique Armour Shoppe.
   335 | D:1      | Reached XP level 2. HP: 27/27 MP: 2/2
   677 | D:1      | Reached skill level 1 in Armour
  1366 | D:2      | Reached XP level 3. HP: 32/33 MP: 3/3
  1645 | D:2      | Found Egugos's Magic Scroll Emporium.
  1671 | D:2      | Reached XP level 4. HP: 39/40 MP: 4/4
  2658 | D:2      | Slain by a gnoll

Illustrated notes

Levels and vault maps discovered:
D:1:      psy_arrival_statuary, layout_basic, serial_shops, shop, minivault_11,
          corexii_item_surrounded_by_moat
D:2:      layout_basic, serial_shops, nicolae_shop_pleasant_corner_grove
D:3:      layout_basic, ebering_ecumenical_altar_sacrificial,
          minmay_misc_feat_cross, uniq_crazy_yiuf_cottage

Skill      XL: |  1  2  3  4 |
---------------+-------------+-----
Armour         | 1 2 |  2.2
Fighting       | 4 |  4.5
Polearms       | 4 |  4.8
Dodging        | |  2.4

Action                     |  1- 3 |  4- 6 || total
---------------------------+-------+-------++-------
  Melee: Spear             |   100 |   101 ||   201
  Throw: Dart              |       |     1 ||     1
 Armour: Robe              |     5 |       ||     5
         Chain mail        |    12 |       ||    12
         Plate armour      |    32 |    40 ||    72
  Dodge: Dodged            |    27 |    25 ||    52
